 Dungeon Crawl Stone Soup version 0.24-a0-530-g18ba70b503 (webtiles) character file.

Game seed: 14853303220421622855

12732 Gargoyl the Cleaver (level 11, 0/92 HPs)
             Began as a Centaur Abyssal Knight on Aug 8, 2019.
             Was a High Priest of Lugonu.
             Slain by a blink frog (1 damage)
             ... on level 1 of the Lair of Beasts.
             The game lasted 00:22:20 (12571 turns).

Gargoyl the Cleaver (Centaur Abyssal Knight)       Turns: 12571, Time: 00:22:20

Health: 0/92       AC: 16    Str: 14    XL:     11   Next: 66%
Magic:  5/5        EV:  0    Int: 14    God:    Lugonu [*****.]
Gold:   809        SH:  0    Dex: 11    Spells: 10/10 levels left

rFire    . . .     SeeInvis .   r - +8 Wrath of Trog {antimagic, *Rage}
rCold    . . .     Gourm    .   (shield currently unavailable)
rNeg     . . .     Faith    .   D - +0 plate armour
rPois    .         Spirit   .   F - +0 hat {MR+}
rElec    .         Reflect  .   p - +0 cloak
rCorr    .         Harm     .   m - +0 pair of gloves
MR       +....     Rnd*Rage +   j - +2 centaur barding {Stlth+}
Stlth    ..........             (no amulet)
HPRegen  0.25/turn              z - +3 ring of intelligence
MPRegen  0.09/turn              H - ring of stealth

@: berserk cooldown, slowed, extremely drained
A: large, claws 1, hooves 3, horns 1, deformed body, speed 2, tough skin 3, weak
1, evolution 1
a: Depart the Abyss, Bend Space, Banish, Corrupt, Enter the Abyss, Renounce
Religion


You were on level 1 of the Lair of Beasts.
You worshipped Lugonu.
Lugonu was extremely pleased with you.
You were not hungry.

You visited 2 branches of the dungeon, and saw 12 of its levels.
You visited the Abyss 1 time.
You also visited: Sewer.

You collected 809 gold pieces.

Inventory:

Hand Weapons
 a - a +3 hand axe
 r - the +8 Wrath of Trog (weapon) {antimagic, *Rage}
   (You found it on level 4 of the Dungeon)

   It reduces the magical energy of the wielder, and disrupts the spells and
   magical abilities of those hit.
   Natural abilities and divine invocations are not affected.
   It may make you go berserk in combat.
Armour
 b - a +0 buckler
 j - a +2 centaur barding of stealth (worn)
 m - a +0 pair of gloves (worn)
 p - a +0 cloak (worn)
 D - a +0 plate armour (worn)
 F - a +0 hat of magic resistance (worn)
Jewellery
 z - a +3 ring of intelligence (left hand)
 H - a ring of stealth (right hand)
 I - an uncursed ring of stealth
Wands
 d - a wand of iceblast (19)
 f - a wand of paralysis (8)
 s - a wand of polymorph (10)
 x - a wand of flame (37)
 y - a wand of disintegration (5)
 G - a wand of random effects (21)
 J - a wand of scattershot (5)
 L - a wand of enslavement (7)
Scrolls
 g - a scroll of identify
 o - 5 scrolls of remove curse
 u - 4 scrolls of magic mapping
 A - 9 scrolls of teleportation
Potions
 e - a potion of invisibility
 h - a potion of might
 i - 3 potions of haste
 k - 2 potions of mutation
 n - a potion of curing
 q - a potion of flight {unknown}
 v - a potion of brilliance {unknown}
 w - a potion of cancellation {unknown}
 B - 2 potions of degeneration {unknown}
 C - a potion of magic {unknown}
 E - a potion of lignification {unknown}
Comestibles
 c - 19 rations


   Skills:
 + Level 7.3(0.0) Fighting
 + Level 10.2(0.0) Axes
 * Level 7.4(0.0) Armour
 * Level 5.5(0.0) Dodging
 + Level 0.3(0.0) Shields
 * Level 8.0(0.0) Invocations
 + Level 0.1(0.0) Evocations


You had 10 spell levels left.
You didn't know any spells.
Your spell library contained the following spells:

 Spells                   Type           Power        Failure   Level  Hunger
 Animate Skeleton         Necr           N/A          100%        1    ##.....
 Magic Dart               Conj           #...         100%        1    ##.....
 Pain                     Necr           #...         100%        1    ##.....
 Searing Ray              Conj           #.....       100%        2    ###....
 Dazzling Spray           Conj/Hex       #.....       100%        3    ####...
 Regeneration             Chrm/Necr      #.........   100%        3    ####...
 Vampiric Draining        Necr           #.........   100%        3    ####...
 Animate Dead             Necr           N/A          100%        4    #####..
 Force Lance              Conj/Tloc      #.......     100%        4    #####..
 Fulminant Prism          Conj/Hex       #.........   100%        4    #####..
 Iskenderun's Mystic Bla  Conj           #.......     100%        4    #####..


Dungeon Overview and Level Annotations

Branches:
Dungeon (11/15)            Temple (0/1) D:5            Lair (1/6) D:11
    Orc (0/2) D:10

Altars:
Ashenzari
Dithmenos
Fedhas
Hepliaklqana
Kikubaaqudgha
Okawaru
Ru
Trog
Zin

Annotations:
D:8 2 transporters, Gynju's ghost, novice MiFi
Lair:1 Sonja


Innate Abilities, Weirdness & Mutations

You have hooves in place of feet.
Armour fits poorly on your strangely shaped body.
You cover ground very quickly.
You have extremely tough skin. (AC +3)
You have sharp fingernails.
You have a pair of small horns on your head.
You are weak. (Str -2)
You evolve.


Message History

You slash the blink frog!
The blink frog's magic leaks into the air.
The blink frog hits you.
* * * LOW HITPOINT WARNING * * *
The blink frog blinks! x2
You miss the blink frog. Your headbutt misses the blink frog.
The blink frog is almost dead.
You closely miss the blink frog. The blink frog hits you!
* * * LOW HITPOINT WARNING * * *
The blink frog falters for a moment.
Unknown command.
Your plate armour prevents you from hitting the blink frog.
Your kick misses the blink frog.
The blink frog is almost dead.
You slash the blink frog!
The blink frog's magic leaks into the air.
You are no longer berserk.
You are exhausted.
You feel yourself slow down.
The blink frog blinks!
The blink frog hits you.
You die...

#....##....## #....## ##....÷
#.....#.....# #.....# #......
#....##....## #....## ##.....
#....##.....# #....# ##.....
#....##....P# ##....#######......
#....##....####.....##.#...#.....
#................................
#...........(..........F.........
#.............§.@§F..............
#...............F...[............
####.#.##.##.#P#####.##P#########
############# ######


You could see 3 blink frogs.

Vanquished Creatures
  Gastronok (D:9)
  Erolcha (D:10)
  2 two-headed ogres (D:10)
  Joseph (D:10)
  A komodo dragon (D:11)
  6 blink frogs (Lair:1)
  3 hippogriffs
  Sigmund (D:3)
  3 yaks (D:10)
  2 hungry ghosts
  Duvessa (D:5)
  2 water moccasins (Lair:1)
  Purgy (Sewer)
  5 ice beasts
  6 orc warriors
  A sky beast (D:6)
  8 ogres
  2 black bears
  6 centaurs
  A crocodile (Lair:1)
  A small abomination (Abyss:2)
  4 big kobolds
  2 bullfrogs
  A gnoll sergeant (D:7)
  5 scorpions
  Dowan (D:5)
  5 killer bees
  6 wights
  A howler monkey (D:8)
  An electric eel (Lair:1)
  2 crimson imps
  A quasit (D:9)
  A jelly (D:8)
  9 hounds
  5 orc priests
  A gnoll shaman (D:8)
  A bullfrog skeleton (D:7)
  2 centaur skeletons
  Ijyb (D:5)
  Terence (D:2)
  3 iguanas
  11 orc wizards
  12 worker ants
  2 hound zombies
  A howler monkey zombie (D:10)
  Robin (D:2)
  8 gnolls
  10 adders
  2 shadow imps
  An adder skeleton (D:9)
  A worm (D:2)
  5 leopard geckos
  56 orcs
  A ball python (D:7)
  4 bats
  13 giant cockroaches
  13 goblins
  10 hobgoblins
  2 jackals (D:5)
  6 quokkas
  4 frilled lizards
  22 kobolds
  A leopard gecko zombie (D:5)
  A quokka skeleton (D:6)
  A quokka zombie (D:7)
  2 rats (D:1)
  2 plants (Lair:1)
300 creatures vanquished.

Vanquished Creatures (others)
  2 fungi (Lair:1)
  3 plants
5 creatures vanquished.

Grand Total: 305 creatures vanquished

Notes
Turn   | Place    | Note
-------+----------+-------------------------------------------
     0 | Abyss:1  | Gargoyl the Centaur Abyssal Knight began the quest for the
                  | Orb.
     0 | Abyss:1  | Reached XP level 1. HP: 19/19 MP: 2/2
    18 | Abyss:2  | Found a corrupted altar of Lugonu.
    52 | Abyss:2  | Noticed a small abomination
    62 | Abyss:2  | Noticed a rakshasa
    79 | Abyss:2  | Killed a small abomination
    79 | Abyss:2  | Reached skill level 2 in Axes
    79 | Abyss:2  | Reached XP level 2. HP: 14/27 MP: 3/3
    80 | Abyss:2  | Reached XP level 3. HP: 3/33 MP: 4/4
    80 | Abyss:2  | Reached XP level 4. HP: 4/40 MP: 5/5
    80 | D:1      | Escaped the Abyss
   479 | D:1      | Reached * piety under Lugonu
  1096 | D:2      | Reached skill level 1 in Dodging
  1130 | D:2      | Noticed Robin
  1599 | D:2      | Killed Robin
  1600 | D:2      | Noticed Terence
  1695 | D:2      | Killed Terence
  1695 | D:2      | Reached XP level 5. HP: 34/47 MP: 6/6
  1910 | D:2      | Found a shattered altar of Ashenzari.
  2058 | D:2      | Found a sacrificial altar of Ru.
  2242 | D:3      | Found a glowing silver altar of Zin.
  2343 | D:3      | Noticed Sigmund
  2354 | D:3      | Killed Sigmund
  2354 | D:3      | Reached skill level 3 in Axes
  2354 | D:3      | Reached XP level 6. HP: 31/53 MP: 5/8
  2479 | D:3      | Found a glowing drain.
  2491 | D:3      | Reached ** piety under Lugonu
  2503 | Sewer    | Entered a sewer
  2556 | Sewer    | Noticed Purgy
  2567 | Sewer    | Killed Purgy
  2786 | D:3      | Found an ancient bone altar of Kikubaaqudgha.
  2989 | D:4      | Found a hazy altar of Hepliaklqana.
  2998 | D:4      | Found the +8 Wrath of Trog {antimagic, *Rage}
  3190 | D:4      | Reached XP level 7. HP: 59/60 MP: 3/9
  3270 | D:4      | You fall into a shaft and drop 1 floor!
  3270 | D:5      | Entered Level 5 of the Dungeon
  3270 | D:5      | Found a blossoming altar of Fedhas.
  3386 | D:3      | Reached skill level 4 in Axes
  4234 | D:5      | Noticed Duvessa
  4235 | D:5      | Noticed Dowan
  4240 | D:5      | Killed Dowan
  4243 | D:5      | Killed Duvessa
  4243 | D:5      | Reached skill level 5 in Fighting
  4446 | D:5      | Reached XP level 8. HP: 50/68 MP: 3/11
  4788 | D:5      | Reached skill level 5 in Axes
  5020 | D:5      | Noticed Ijyb
  5025 | D:5      | Paralysed by Ijyb for 4 turns
  5032 | D:5      | Killed Ijyb
  5280 | D:5      | Found a staircase to the Ecumenical Temple.
  5366 | D:6      | Reached *** piety under Lugonu
  5844 | D:6      | Found an iron altar of Okawaru.
  5891 | D:6      | Reached skill level 6 in Axes
  6122 | D:6      | Reached XP level 9. HP: 69/74 MP: 4/12
  6292 | D:7      | Reached skill level 5 in Invocations
  6534 | D:7      | Reached skill level 5 in Armour
  7384 | D:8      | Reached **** piety under Lugonu
  7502 | D:8      | Identified the cursed +1 scale mail of Faok {rElec rCorr
                  | MP+9 Dex-2}
  7812 | D:8      | Reached skill level 7 in Axes
  8009 | D:8      | Noticed a moth of wrath
  8012 | D:8      | Noticed Gynju's ghost (novice MiFi)
  8013 | D:8      | Found a bloodstained altar of Trog.
  8013 | D:8      | Identified the +5 rapier "Dytoh" {freeze, rElec rF+ Str+2}
  8018 | D:8      | Found a transporter.
  8033 | D:8      | Found a transporter.
  8732 | D:9      | Noticed Gastronok
  8745 | D:9      | Killed Gastronok
  8745 | D:9      | Reached skill level 8 in Axes
  8745 | D:9      | Reached XP level 10. HP: 84/84 MP: 3/14
  8834 | D:9      | Identified a scroll of acquirement
  9172 | D:9      | Found a shadowy altar of Dithmenos.
  9752 | D:10     | Entered Level 10 of the Dungeon
  9752 | D:10     | Noticed Erolcha
  9760 | D:10     | Killed Erolcha
  9760 | D:10     | Reached skill level 9 in Axes
  9872 | D:10     | Reached XP level 11. HP: 91/91 MP: 4/16
  9966 | D:10     | Noticed a two-headed ogre
  9973 | D:10     | Killed a two-headed ogre
  9973 | D:10     | Reached skill level 5 in Dodging
 10430 | D:10     | Noticed a two-headed ogre
 10439 | D:10     | Killed a two-headed ogre
 10758 | D:10     | Reached ***** piety under Lugonu
 10843 | D:10     | Found a staircase to the Orcish Mines.
 10964 | D:10     | Noticed Joseph
 10973 | D:10     | Killed Joseph
 11263 | D:11     | Noticed a cyan ugly thing
 11615 | D:11     | Found a staircase to the Lair.
 11627 | D:11     | Reached skill level 10 in Axes
 11754 | Lair:1   | Entered Level 1 of the Lair of Beasts
 12305 | Lair:1   | Noticed Sonja
 12312 | Lair:1   | Gained mutation: You evolve. [potion of mutation]
 12312 | Lair:1   | Gained mutation: You have sharp fingernails. [potion of
                  | mutation]
 12312 | Lair:1   | Gained mutation: You are weak. (Str -2) [potion of
                  | mutation]
 12312 | Lair:1   | Gained mutation: You have a pair of small horns on your
                  | head. [potion of mutation]
 12352 | Lair:1   | HP: 4/92 [Sonja/+1 short sword of draining (2)]
 12570 | Lair:1   | HP: 1/138 [blink frog (7)]
 12571 | Lair:1   | Slain by a blink frog

Levels and vault maps discovered:
D:1:      giann_horns, layout_loops_cross, minmay_misc_feat_columns,
          st_stairs_11, minmay_crystal_room
D:2:      layout_rooms, old_standard_altar, nicolae_ru_awakened_eye, uniq_robin,
          uniq_terence
D:3:      layout_rooms, nicolae_overflow_crystal_walls,
          lemuel_coloured_pillars_altar, portal_sewer_entry_f, uniq_sigmund
D:4:      layout_basic, overflow_temple_1_default, uniq_purgy
D:5:      layout_gridville, overflow_temple_1_default,
          minmay_temple_entry_enclosed_plants, first_ration,
          corexii_leaking_fountain, uniq_duvessa, uniq_ijyb
D:6:      layout_loops_ring, lemuel_crystal_altar
D:7:      layout_basic, minivault_1
D:8:      layout_loops_ring, gammafunk_ghost_wrathful_warriors
D:9:      layout_irregular_city, nicolae_dithmenos_through_a_glass_darkly,
          blue_anna_alchemist [blue_anna_fruit_fields, blue_anna_fruit_fields],
          uniq_gastronok
D:10:     layout_grid_maze, hiddenorc1_lemuel, uniq_joseph, uniq_erolcha
D:11:     layout_basic, david_lair_shrubbed, lightli_corner_chamber
Lair:1:   layout_long_grid, serial_bayou_shore_a, uniq_sonja

Skill      XL: |  1  2  3  4  5  6  7  8  9 10 11 |
---------------+----------------------------------+-----
Fighting       | 4 5 6 7 |  7.3
Axes           | 2 3 4 6 8 9 10 | 10.2
Dodging        | 1 2 3 4 5 |  5.5
Armour         | 2 3 4 6 7 |  7.4
Invocations    | 3 4 6 7 8 |  8.0
Shields        | |  0.3
Evocations     | |  0.1

Action                   |  1- 3 |  4- 6 |  7- 9 | 10-12 || total
-------------------------+-------+-------+-------+-------++-------
Melee: Hand axe          |       |   167 |       |       ||   167
       Kick              |       |    34 |    57 |    48 ||   139
       Battleaxe         |       |     7 |   271 |   232 ||   510
       Headbutt          |       |       |       |     1 ||     1
Invok: Depart the Abyss  |       |     1 |       |       ||     1
Evoke: Wand              |     3 |       |       |       ||     3
  Use: Scroll            |       |     7 |     6 |     8 ||    21
       Potion            |       |     1 |     3 |     6 ||    10
  Eat: Chunk             |       |     6 |    12 |    13 ||    31
       Ration            |       |       |     1 |     2 ||     3
Armor: Leather armour    |       |    35 |       |       ||    35
       Scale mail        |       |    70 |    44 |       ||   114
       Chain mail        |       |       |   177 |    17 ||   194
       Plate armour      |       |       |       |   314 ||   314
Dodge: Dodged            |       |    91 |   124 |    53 ||   268
Block: Buckler           |       |    15 |       |       ||    15

Table legend:
 A = Non-vault XP
 B = Vault XP
 C = Vault XP percentage of total XP
 D = Non-vault monster count
 E = Vault monster count
 F = Vault count percentage of total count
                 A         B        C        D         E       F
            +---------+---------+-------+---------+---------+-------
      Total |   12977 |    5212 |  28.7 |     246 |      52 |  17.4
            +---------+---------+-------+---------+---------+-------
        D:1 |      33 |      13 |  28.3 |      18 |       7 |  28.0
        D:2 |      44 |      62 |  58.5 |      10 |       8 |  44.4
        D:3 |     135 |     229 |  62.9 |       5 |       5 |  50.0
        D:4 |     219 |       2 |   0.9 |      17 |       1 |   5.6
        D:5 |     803 |     247 |  23.5 |      25 |       3 |  10.7
        D:6 |     757 |       0 |   0.0 |      19 |       0 |   0.0
        D:7 |     850 |       0 |   0.0 |      25 |       0 |   0.0
        D:8 |    1524 |       0 |   0.0 |      39 |       0 |   0.0
        D:9 |    1523 |    2483 |  62.0 |      29 |       4 |  12.1
       D:10 |    3945 |    1666 |  29.7 |      33 |      17 |  34.0
       D:11 |     984 |     355 |  26.5 |      15 |       1 |   6.2
     Lair:1 |    2054 |       0 |   0.0 |      10 |       0 |   0.0
    Abyss:2 |     106 |       0 |   0.0 |       1 |       0 |   0.0
      Sewer |       0 |     155 | 100.0 |       0 |       6 | 100.0
            +---------+---------+-------+---------+---------+-------
